 Dungeon Crawl Stone Soup version 0.16.2-12-gd0ad4c3 (webtiles) character file.

18661 faibistes the Thaumaturge (level 12, -4/68 HPs)
             Began as a Deep Elf Wizard on Dec 17, 2017.
             Was a High Priest of Sif Muna.
             Slain by a black mamba (19 damage)
             ... on level 5 of the Lair of Beasts.
             The game lasted 01:05:56 (22986 turns).

faibistes the Thaumaturge (Deep Elf Wizard)        Turns: 22986, Time: 01:05:56

Health: -4/68      AC: 11    Str:  4    XL:     12   Next: 29%
Magic:  2/35       EV: 16    Int: 29    God:    Sif Muna [*****.]
Gold:   311        SH:  0    Dex: 13    Spells: 11 memorised, 3 levels left

rFire  . . .     SeeInvis +     w - +3 dagger (venom)
rCold  . . .     Clarity  .     F - +1 robe
rNeg   + . .     SustAb   .     (no shield)
rPois  .         Gourm    .     b - +1 hat
rElec  .         Spirit   .     x - +2 cloak
rCorr  .         Warding  +     h - +1 pair of gloves
rMut   .         Stasis   .     B - +1 pair of boots
MR     +....                    Q - amulet of warding
Stlth  +++.......               j - ring of see invisible
                                y - ring of stealth

@: lethally poisoned (-4 -> -12), repel missiles, somewhat resistant to hostile
enchantments, fairly stealthy
A: no striking features
a: Channel Energy, Forget Spell, Renounce Religion


You were on level 5 of the Lair of Beasts.
You worshipped Sif Muna.
Sif Muna was extremely pleased with you.
You were not hungry.

You visited 3 branches of the dungeon, and saw 18 of its levels.
You also visited: Bailey.

You collected 1221 gold pieces.
You spent 910 gold pieces at shops.

Inventory:

Hand weapons
 w - a +3 dagger of venom (weapon)
 E - the +1 eveningstar of Jovamoj {elec, rF- rN+ Int+5}
   (You found it in a bailey)

   Occasionally, upon striking a foe, it will discharge some electrical energy
   and cause terrible harm.
   It affects your intelligence (+5).
   It makes you vulnerable to fire.
   It protects you from negative energy.
 X - a +2 dagger of flaming
Armour
 b - a +1 hat (worn)
 h - a +1 pair of gloves (worn)
 x - a +2 cloak (worn)
 B - a +1 pair of boots (worn)
 F - a +1 robe (worn)
Rods
 R - a +1 rod of the swarm (12/12)
   (You found it on level 11 of the Dungeon)
Jewellery
 j - a ring of see invisible (right hand)
 y - a ring of stealth (left hand)
 Q - an amulet of warding (around neck)
Magical devices
 c - a wand of lightning (8)
 i - a wand of fireball (2)
 n - a wand of polymorph (7)
 v - a wand of teleportation (5)
 D - a wand of enslavement (2)
 L - a wand of fireball (2)
 N - a wand of confusion (18)
 S - a wand of fireball (4)
 T - a wand of draining (6)
Scrolls
 g - 7 scrolls of teleportation
 p - a scroll of recharging
 G - 2 scrolls of magic mapping
 P - 3 scrolls of amnesia
 W - a scroll of remove curse
Potions
 a - 2 potions of brilliance
 e - 2 potions of curing
 k - 3 potions of agility
 l - 5 potions of restore abilities
 o - 2 potions of flight {unknown}
 q - 3 potions of cancellation
 r - 3 potions of cure mutation
 z - 2 potions of mutation {unknown}
 C - 5 potions of might
 H - a potion of resistance {unknown}
 K - 2 potions of lignification {unknown}
 M - 3 potions of heal wounds {unknown}
 Y - a potion of degeneration {unknown}
Miscellaneous
 I - a sack of spiders
Comestibles
 d - 8 bread rations
 f - 2 beef jerkies
 m - 3 chunks of flesh
 t - 5 meat rations
 A - 37 fruits


   Skills:
 + Level 4.9 Fighting
 + Level 8.7 Dodging
 - Level 2.4 Stealth
 * Level 12.8 Spellcasting
 + Level 7.5 Conjurations
 + Level 5.8 Charms
 - Level 4.3 Summonings
 + Level 5.9 Translocations
 + Level 6.2 Fire Magic
 - Level 3.2 Air Magic
 * Level 4.8 Earth Magic
 - Level 2.6 Poison Magic
 * Level 6.5 Invocations
 + Level 5.8 Evocations


You had 3 spell levels left.
You knew the following spells:

 Your Spells              Type           Power        Failure   Level  Hunger
a - Magic Dart            Conj           ####         1%          1    None
b - Conjure Flame         Conj/Fire      ######..     1%          3    None
c - Call Imp              Summ           #####...     1%          2    None
d - Blink                 Tloc           N/A          1%          2    None
e - Mephitic Cloud        Conj/Pois/Air  #####...     1%          3    None
f - Repel Missiles        Chrm/Air       #####.       1%          2    None
g - Stone Arrow           Conj/Erth      ######       1%          3    None
h - Summon Forest         Summ/Tloc      #####.....   12%         5    ##.....
j - Dazzling Spray        Conj/Hex       #####...     1%          3    None
k - Airstrike             Air            #####.....   10%         4    None
z - Fireball              Conj/Fire      ######....   6%          5    ##.....


Dungeon Overview and Level Annotations

Branches:
Dungeon (12/15)            Temple (1/1) D:6            Lair (5/8) D:11
    Orc (0/4) D:10
  Swamp: Lair:3-6    Shoals: Lair:3-6     Snake: Lair:3-6    Spider: Lair:3-6

Altars:
Ashenzari
Cheibriados
Dithmenos
Elyvilon
Fedhas
Gozag
Kikubaaqudgha
Makhleb
Nemelex Xobeh
Okawaru
Qazlal
Ru
Sif Muna
Trog
Vehumet
Xom
Yredelemnul
Zin
The Shining One
Beogh

Shops:
D:10 :


Message History

Press: ? - help, Shift-Dir - straight line, f - black mamba
Aim: a black mamba (noxious fumes, heavily wounded)
The spray of energy misses the black mamba.
The spray of energy misses the river rat.
The spray of energy hits the river rat.
The river rat is severely wounded.
The river rat is dazzled.
Space becomes stable.
You feel sick. The black mamba misses you.
The black mamba bites you but does no damage.
You feel sick.
Casting: Dazzling Spray
Confirm with . or Enter, or press ? or * to list all spells.
Aiming: Dazzling Spray
Press: ? - help, Shift-Dir - straight line, f/p - black mamba
Aim: a black mamba (heavily wounded)
The spray of energy hits the black mamba.
The black mamba is almost dead.
You feel sick. The black mamba bites you!!
You die...

... .....#
#.....#
......
#....##
#.....#
##.....
#.....#
#....@#
#....S###
#...§...#
##...§.##
#...r.#.#
#.....###
♣#..r.YP♣
##.P..Y†##
#P.....<.###
.


You could see 2 elephants, a black mamba and 2 river rats.

Vanquished Creatures
  Josephine (D:10)
  A hydra (Lair:2)
  2 unseen horrors
  3 orc knights
  Pikel (D:3)
  2 hill giants
  A cyclops (D:8)
  Maurice (D:10)
  An elephant (Lair:5)
  A black mamba (Lair:1)
  2 spiny frogs
  A komodo dragon (Lair:4)
  A dryad (D:11)
  A kobold demonologist (D:9)
  3 trolls (D:10)
  A hippogriff (D:7)
  A shadow (D:10)
  A basilisk (Lair:4)
  3 wraiths (D:10)
  3 yaks (D:11)
  3 hungry ghosts
  2 steam dragons
  2 wyverns
  Edmund (D:9)
  Menkaure (D:4)
  2 porcupines
  6 water moccasins
  3 slaves (D:4)
  A phantom (D:8)
  10 orc warriors
  A necrophage (D:11)
  An eye of draining (D:9)
  2 black bears
  2 sky beasts
  6 centaurs
  6 ogres
  4 ice beasts
  3 big kobolds
  Sigmund (D:4)
  3 crocodiles
  11 giant frogs
  Blork the orc (D:7)
  A water moccasin zombie (D:9)
  A wyvern skeleton (D:10)
  A wyvern zombie (D:10)
  2 scorpions (D:9)
  5 killer bees (D:9)
  2 centaur zombies
  3 goliath beetles
  2 crimson imps
  10 hounds
  2 jellies
  3 quasits
  A giant frog zombie (D:9)
  A wasp zombie (D:10)
  2 centaur skeletons (D:9)
  4 giant frog skeletons
  8 orc priests
  8 orc wizards
  5 iguanas
  12 worker ants
  2 killer bee zombies
  2 hound zombies
  A mummy (D:11)
  A worker ant zombie (D:10)
  9 adders
  10 gnolls
  4 river rats
  4 shadow imps
  A giant mite (D:4)
  5 worms
  An adder zombie (D:5)
  An ooze (D:7)
  7 giant geckos
  59 orcs
  5 giant cockroaches
  18 hobgoblins
  8 jackals
  2 ball pythons
  22 bats
  3 giant newts
  13 goblins
  A jackal zombie (D:8)
  36 kobolds
  2 orc zombies (D:5)
  9 quokkas
  11 rats
  2 ballistomycetes (D:11)
  7 bushes (D:9)
422 creatures vanquished.

Vanquished Creatures (collateral kills)
  An elephant (Lair:5)
  A boring beetle (Lair:5)
  5 river rats
  A jackal (D:2)
  A plant (Lair:5)
9 creatures vanquished.

Vanquished Creatures (others)
  A dryad (Lair:5)
  A human (D:2)
  A gnoll (D:4)
  A white imp (D:6)
  A hobgoblin (D:4)
  A giant spore (D:11)
  A goblin (D:4)
  A rat (D:4)
  A bush (D:9)
  A fungus (Lair:1)
  A plant (Lair:1)
  457 snaplasher vine segments (Lair:2)
468 creatures vanquished.

Grand Total: 899 creatures vanquished

Notes
Turn   | Place    | Note
--------------------------------------------------------------
     0 | D:1      | faibistes, the Deep Elf Wizard, began the quest for the Orb.
     0 | D:1      | Reached XP level 1. HP: 10/10 MP: 6/6
   370 | D:1      | Reached XP level 2. HP: 15/15 MP: 5/10
   380 | D:1      | Learned a level 2 spell: Blink
   383 | D:1      | Learned a level 2 spell: Call Imp
  1262 | D:2      | Reached skill level 5 in Spellcasting
  1450 | D:2      | Reached XP level 3. HP: 11/19 MP: 3/14
  1467 | D:2      | Found a radiant altar of Vehumet.
  1488 | D:2      | Learned a level 3 spell: Conjure Flame
  1492 | D:2      | Learned a level 3 spell: Mephitic Cloud
  1754 | D:2      | Found a glowing golden altar of the Shining One.
  1811 | D:2      | Found an ancient bone altar of Kikubaaqudgha.
  1862 | D:2      | Noticed a human
  1864 | D:2      | Killed a human
  2492 | D:2      | Reached XP level 4. HP: 13/24 MP: 1/17
  2502 | D:2      | Learned a level 2 spell: Repel Missiles
  2898 | D:2      | Found an opulent altar of Gozag.
  2904 | D:2      | Found a sacrificial altar of Ru.
  3633 | D:4      | Noticed a slave
  3633 | D:4      | Noticed a slave
  3637 | D:4      | Noticed Pikel
  3638 | D:4      | Killed a slave
  3639 | D:4      | Noticed a slave
  3640 | D:4      | Noticed a slave
  3642 | D:4      | Killed a slave
  3664 | D:4      | Reached skill level 6 in Spellcasting
  3664 | D:4      | Reached XP level 5. HP: 14/28 MP: 2/20
  3818 | D:4      | Killed a slave
  4524 | D:4      | Reached XP level 6. HP: 32/32 MP: 18/22
  4833 | D:3      | Killed Pikel
  4833 | D:3      | Reached skill level 5 in Dodging
  4833 | D:3      | Reached skill level 8 in Spellcasting
  4833 | D:3      | Reached XP level 7. HP: 24/36 MP: 4/26
  4966 | D:5      | Entered Level 5 of the Dungeon
  5672 | D:5      | Noticed Menkaure
  5863 | D:4      | Killed Menkaure
  5863 | D:4      | Reached skill level 1 in Fighting
  5863 | D:4      | Reached skill level 1 in Evocations
  6149 | D:4      | Reached XP level 8. HP: 43/43 MP: 26/28
  6182 | D:4      | Noticed Sigmund
  6193 | D:4      | Killed Sigmund
  6340 | D:4      | Noticed a giant frog
  6347 | D:4      | Killed a giant frog
  6347 | D:4      | Reached skill level 9 in Spellcasting
  6977 | D:5      | Found a shattered altar of Ashenzari.
  8165 | D:6      | Found a staircase to the Ecumenical Temple.
  8174 | Temple   | Entered the Ecumenical Temple
  8238 | Temple   | Became a worshipper of Sif Muna the Loreminder
  8489 | D:6      | Reached skill level 10 in Spellcasting
  8971 | D:7      | Reached skill level 1 in Fire Magic
  9401 | D:7      | Acquired Sif Muna's first power
  9401 | D:7      | Reached skill level 1 in Air Magic
  9401 | D:7      | Reached XP level 9. HP: 50/50 MP: 19/30
  9979 | D:7      | Noticed Blork the orc
  9988 | D:7      | Killed Blork the orc
 10142 | D:7      | Learned a level 5 spell: Fireball
 10148 | D:6      | Found a glowing silver altar of Zin.
 10148 | D:6      | Found a blossoming altar of Fedhas.
 10223 | D:8      | Reached skill level 1 in Poison Magic
 10740 | D:7      | Acquired Sif Muna's second power
 10936 | D:9      | Reached skill level 5 in Conjurations
 10940 | D:9      | Noticed Edmund
 11011 | D:9      | Found a flagged portal.
 11033 | Bailey   | Entered a bailey
 11060 | Bailey   | Noticed an orc knight
 11065 | Bailey   | Killed an orc knight
 11272 | Bailey   | Got an ivory eveningstar
 11275 | Bailey   | Found a bloodstained altar of Trog.
 11896 | D:8      | Reached XP level 10. HP: 56/56 MP: 12/32
 12027 | D:8      | Reached skill level 1 in Charms
 12118 | D:8      | Noticed a cyclops
 12527 | D:8      | Killed a cyclops
 12527 | D:8      | Reached skill level 11 in Spellcasting
 12527 | D:8      | Reached skill level 1 in Invocations
 13454 | D:9      | Noticed a kobold demonologist
 13462 | D:9      | Killed a kobold demonologist
 13465 | D:9      | Noticed a hill giant
 13476 | D:9      | Killed a hill giant
 13684 | D:10     | Entered Level 10 of the Dungeon
 13684 | D:10     | Noticed Maurice
 13690 | D:10     | Killed Maurice
 13861 | D:10     | Killed an unseen horror
 13861 | D:10     | Reached skill level 5 in Fire Magic
 14032 | D:10     | Learned a level 3 spell: Stone Arrow
 14038 | D:10     | Learned a level 5 spell: Summon Forest
 14647 | D:9      | Reached skill level 5 in Translocations
 14736 | D:9      | Learned a level 3 spell: Dazzling Spray
 15195 | D:9      | Killed Edmund
 15195 | D:9      | Reached XP level 11. HP: 47/61 MP: 27/33
 15808 | D:9      | Reached skill level 1 in Earth Magic
 16027 | D:10     | Acquired Sif Muna's third power
 16031 | D:10     | Noticed a hill giant
 16040 | D:10     | Killed a hill giant
 16199 | D:10     | Noticed Josephine
 16207 | D:10     | Killed Josephine
 16212 | D:10     | Reached skill level 12 in Spellcasting
 16614 | D:10     | Found a roughly hewn altar of Beogh.
 16733 | D:10     | Found a staircase to the Orcish Mines.
 16987 | D:10     | Reached skill level 5 in Invocations
 17233 | D:10     | Found Uxka's Book Boutique.
 17333 | D:10     | Bought a book of the Sky for 910 gold pieces
 17338 | D:10     | Learned a level 4 spell: Airstrike
 17650 | D:11     | Noticed an orc knight
 17652 | D:11     | Noticed an orc knight
 17661 | D:11     | Killed an orc knight
 17725 | D:11     | Reached skill level 5 in Evocations
 18391 | D:11     | Killed an orc knight
 18437 | D:11     | Identified a +1 rod of the swarm (12/12) (You found it on level 11 of the Dungeon)
 18590 | D:11     | Noticed an unseen horror
 18592 | D:11     | Killed an unseen horror
 18735 | D:11     | Found a staircase to the Lair.
 18769 | D:11     | Reached skill level 5 in Charms
 19579 | D:11     | Identified the cursed +1 eveningstar of Jovamoj {elec, rF- rN+ Int+5} (You found it in a bailey)
 19914 | Lair:1   | Entered Level 1 of the Lair of Beasts
 20469 | Lair:1   | Reached XP level 12. HP: 67/67 MP: 26/35
 22055 | Lair:2   | Noticed an eight-headed hydra
 22070 | Lair:2   | Killed an eight-headed hydra
 22986 | Lair:5   | Slain by a black mamba

Action                   |  1- 3 |  4- 6 |  7- 9 | 10-12 || total
-------------------------+-------+-------+-------+-------++-------
Melee: Dagger            |     7 |    26 |    73 |   189 ||   295
       Eveningstar       |       |       |       |    11 ||    11
 Cast: Magic Dart        |    88 |   108 |   386 |   165 ||   747
       Mephitic Cloud    |     2 |    10 |    34 |    36 ||    82
       Blink             |     2 |     9 |    15 |    11 ||    37
       Conjure Flame     |       |    18 |    34 |    65 ||   117
       Call Imp          |       |     1 |     2 |       ||     3
       Repel Missiles    |       |     1 |     1 |       ||     2
       Fireball          |       |       |     4 |   100 ||   104
       Stone Arrow       |       |       |       |    70 ||    70
       Dazzling Spray    |       |       |       |    12 ||    12
       Airstrike         |       |       |       |    54 ||    54
       Summon Forest     |       |       |       |     5 ||     5
Invok: Channel Energy    |       |       |       |    26 ||    26
  Use: Scroll            |     3 |     2 |    14 |    12 ||    31
       Potion            |       |     1 |       |     2 ||     3
 Stab: Confused          |       |     1 |       |     2 ||     3
       Distracted        |       |       |       |     1 ||     1
       Invisible         |       |       |       |     3 ||     3
  Eat: Chunk             |     5 |     6 |    21 |    40 ||    72
       Fruit             |       |       |     2 |     8 ||    10
